 Dungeon Crawl Stone Soup version 0.25.0-9-g26727b657a (webtiles) character file.

Game seed: 7075963110402294607

119 Kerr0r the Chopper (level 5, -16/48 HPs)
             Began as a Hill Orc Berserker on June 18, 2020.
             Was a Believer of Trog.
             Killed from afar by an orc wizard (32 damage)
             ... with an exploding inner flame
             ... hexed by the player character
             ... on level 3 of the Dungeon.
             The game lasted 00:05:53 (2019 turns).

Kerr0r the Chopper (Hill Orc Berserker)             Turns: 2019, Time: 00:05:53

Health: -16/48     AC:  6    Str: 21    XL:     5   Next: 3%
Magic:  5/5        EV: 11    Int:  7    God:    Trog [**....]
Gold:   153        SH:  0    Dex: 10    Spells: 4/4 levels left

rFire    . . .     SeeInvis .   a - +0 hand axe
rCold    . . .     Gourm    .   (no shield)
rNeg     . . .     Faith    .   h - +1 ring mail
rPois    .         Spirit   .   (no helmet)
rElec    .         Reflect  .   (no cloak)
rCorr    .         Harm     .   (no gloves)
MR       .....                  (no boots)
Stlth    ..........             (no amulet)
HPRegen  0.16/turn              (no ring)
MPRegen  0.09/turn              (no ring)

@: berserk cooldown
A: no striking features
a: Berserk, Trog's Hand, Renounce Religion


You were on level 3 of the Dungeon.
You worshipped Trog.
Trog was pleased with you.
You were very hungry.

You visited 1 branch of the dungeon, and saw 3 of its levels.

You collected 153 gold pieces.

Inventory:

Hand Weapons
 a - a +0 hand axe (weapon)
Armour
 b - a +0 animal skin
 h - a +1 ring mail (worn)
Scrolls
 f - 2 scrolls of immolation
 k - a scroll of enchant armour
 l - 2 scrolls of identify
Potions
 d - a potion of heal wounds {unknown}
 e - 2 potions of haste
 g - a potion of lignification {unknown}
 j - a potion of might {unknown}
 n - a potion of magic {unknown}
 o - 2 potions of brilliance {unknown}
 p - a potion of curing {unknown}
 q - a potion of degeneration {unknown}
Comestibles
 c - 6 rations
 m - 5 chunks of flesh


   Skills:
 + Level 5.3 Fighting
 + Level 5.9 Axes
 - Level 2.1 Armour
 - Level 1.5 Dodging


You had 4 spell levels left.
You didn't know any spells.
Your spell library was empty.

Dungeon Overview and Level Annotations

Branches:
Dungeon (3/15)

Altars:

Annotations:
D:3 Ijyb


Message History

Really read the scroll of immolation?
As you read the scroll of immolation, it crumbles to dust.
The creatures around you are filled with an inner flame!
The orc hits you with a +0 hand axe. Something hits you but does no damage.
Ijyb barely misses you. The orc hits you with a +0 hand axe!
The orc hits you with a +0 hand axe.
You hear some strange, mumbled words.
A puff of flame appears from out of thin air!
The puff of flame hits you.
As you read the scroll labeled DEHURCH HUTEXZEDI, it crumbles to dust.
You assume a fearsome visage.
Ijyb looks frightened!
The orc looks frightened! x2
It was a scroll of fear.
Items here: )))))))) [ ÷÷ †† You feel yourself speed up.
You hear some strange, mumbled words.
A magic dart appears from out of thin air!
The magic dart hits you.
You slash something! The fiery explosion engulfs you!!
Ouch! That really hurt!
You die...

############
#<.........######
#...............#
#....÷..........# ######
#......§§.......####....#
#.....§§@..........).....
#(....§§........####....#
#...............####.....
#......................g#
########......#####[###.#
#.....## #...#.. #.....#
###.##. #.....# #....
###..


There were no monsters in sight!

Vanquished Creatures
  An orc priest (D:3)
  An ooze (D:1)
  3 worms
  A dart slug (D:1)
  A leopard gecko (D:1)
  7 orcs (D:3)
  2 ball pythons (D:1)
  3 giant cockroaches
  8 goblins
  6 hobgoblins
  2 quokkas
  12 bats
  7 frilled lizards
  5 kobolds
  7 rats
66 creatures vanquished.

Notes
Turn   | Place    | Note
-------+----------+-------------------------------------------
     0 | D:1      | Kerr0r the Hill Orc Berserker began the quest for the Orb.
     0 | D:1      | Reached XP level 1. HP: 19/19 MP: 1/1
    81 | D:1      | Reached XP level 2. HP: 24/27 MP: 2/2
   323 | D:1      | Reached XP level 3. HP: 30/34 MP: 3/3
   794 | D:1      | Reached skill level 5 in Axes
  1128 | D:2      | Reached ** piety under Trog
  1487 | D:2      | Reached XP level 4. HP: 41/41 MP: 4/4
  1941 | D:3      | Reached skill level 5 in Fighting
  1992 | D:3      | Noticed Ijyb
  1995 | D:3      | Reached XP level 5. HP: 48/48 MP: 5/5
  2019 | D:3      | Killed from afar by an orc wizard

Illustrated notes

Levels and vault maps discovered:
D:1:      wander_arrival_desolate, layout_basic, minmay_misc_feat_rugged,
          minmay_pentomino_s2
D:2:      layout_loops_ring, kennysheep_minor_cross
D:3:      layout_rooms, uniq_ijyb

Skill      XL: |  1  2  3  4 |
---------------+-------------+-----
Fighting       | 4 5 |  5.3
Axes           | 5 |  5.9
Armour         | |  2.1
Dodging        | |  1.5

Action                   |  1- 3 |  4- 6 || total
-------------------------+-------+-------++-------
Melee: Hand axe          |   127 |    71 ||   198
Invok: Berserk           |     1 |     2 ||     3
  Use: Scroll            |       |     7 ||     7
 Stab: Sleeping          |     1 |       ||     1
  Eat: Chunk             |     3 |     2 ||     5
Armor: Animal skin       |    23 |       ||    23
       Ring mail         |    17 |    34 ||    51
Dodge: Dodged            |   103 |    41 ||   144
